 Dungeon Crawl Stone Soup version 0.28-a0-1087-gf3fc490d9d (webtiles) character file.

Game seed: 13604069729863397052

4748 Gwenloh the Geomancer (level 10, -5/56 HPs)
             Began as a Gargoyle Earth Elementalist on Dec 10, 2021.
             Was a Follower of Vehumet.
             Slain by an eight-headed hydra (13 damage)
             ... on level 8 of the Dungeon on Dec 11, 2021.
             The game lasted 00:33:55 (10503 turns).

Gwenloh the Geomancer (GrEE)                       Turns: 10503, Time: 00:33:57

Health: -5/56      AC: 14    Str: 11    XL:     10   Next: 46%
Magic:  7/20       EV: 12    Int: 21    God:    Vehumet [*.....]
Gold:   205        SH:  0    Dex: 16    Spells: 7/22 levels left

rFire   . . .      SeeInvis .   s - +0 flail
rCold   . . .      Faith    .   (no shield)
rNeg    + + .      Spirit   .   y - +2 robe {rN+}
rPois   ∞          Reflect  .   (no helmet)
rElec   +          Harm     .   (no cloak)
rCorr   .          Rampage  .   H - +0 pair of gloves
Will    .....                   p - +1 pair of boots
Stlth   ++........              (no amulet)
HPRegen 0.18/turn               l - +6 ring of dexterity
MPRegen 0.17/turn               x - ring of wizardry

@: no status effects
A: sickness immunity, AC +7, negative energy resistance 1, electricity
resistance, torment resistance 1, petrification resistance
a: Renounce Religion


You were on level 8 of the Dungeon.
You worshipped Vehumet.
Vehumet was aware of your devotion.
You visited 2 branches of the dungeon, and saw 9 of its levels.

You collected 261 gold pieces.
You spent 56 gold pieces at shops.

Inventory:

Hand Weapons
 e - a +0 dagger
 o - a +0 whip
 s - a +0 flail (weapon)
Missiles
 c - 87 stones
Armour
 b - a +0 robe
 f - a +0 leather armour
 p - a +1 pair of boots (worn)
 y - a +2 robe of positive energy (worn)
 H - a +0 pair of gloves (worn)
Magical Staves
 M - a staff of air
Jewellery
 d - a ring of see invisible
 i - a ring of ice
 l - a +6 ring of dexterity (left hand)
 w - a ring of protection from fire
 x - a ring of wizardry (right hand)
Wands
 r - a wand of iceblast (3)
 t - a wand of polymorph (14)
Scrolls
 a - 2 scrolls of torment
 h - 3 scrolls of enchant weapon
 j - a scroll of blinking {unknown}
 m - 3 scrolls of vulnerability
 n - 2 scrolls of immolation {unknown}
 q - 4 scrolls of teleportation {unknown}
 B - a scroll of enchant armour {unknown}
 C - a scroll of magic mapping {unknown}
 F - 3 scrolls of fog {unknown}
 I - a scroll of summoning {unknown}
 J - 2 scrolls of identify
 K - 2 scrolls of brand weapon {unknown}
Potions
 g - 6 potions of curing {unknown}
 k - 4 potions of lignification {unknown}
 u - a potion of heal wounds {unknown}
 v - 2 potions of magic {unknown}
 z - a potion of degeneration {unknown}
 A - a potion of might
 D - a potion of attraction {unknown}
 E - a potion of ambrosia {unknown}
 G - a potion of resistance {unknown}
 L - a potion of cancellation {unknown}


   Skills:
 + Level 3.8 Fighting
 - Level 3.0 Armour
 - Level 1.5 Dodging
 - Level 2.1 Stealth
 + Level 6.9 Spellcasting
 + Level 7.3 Conjurations
 - Level 1.7 Transmutations
 * Level 12.4 Earth Magic


You had 7 spell levels left.
You knew the following spells:

 Your Spells              Type           Power      Damage    Failure   Level
a - Sandblast             Erth           100%       2d20      1%          1
b - Stone Arrow           Conj/Erth      96%        3d13      1%          3
c - Passwall              Tmut/Erth      30%        N/A       1%          2
d - Petrify               Tmut/Erth      37%        N/A       1%          4
e - Borgnjor's Vile Clut  Necr/Erth      16%        N/A       8%          5

Your spell library contained the following spells:

 Spells                   Type           Power      Damage    Failure   Level
 Foxfire                  Conj/Fire      88%        2x1d8     1%          1
 Magic Dart               Conj           100%       1d8       1%          1
 Animate Armour           Summ/Erth      66%        N/A       2%          4
 Animate Skeleton         Necr           14%        N/A       3%          1
 Apportation              Tloc           14%        N/A       3%          1
 Summon Small Mammal      Summ           28%        N/A       3%          1
 Mephitic Cloud           Conj/Pois/Air  17%        N/A       4%          3
 Call Imp                 Summ           7%         N/A       6%          2
 Alistair's Intoxication  Tmut/Pois      7%         N/A       52%         5
 Eringya's Noxious Bog    Tmut/Pois      5%         N/A       97%         6
 Lehudib's Crystal Spear  Conj/Erth      24%        10d7      98%         8


Dungeon Overview and Level Annotations

Branches:
Dungeon (8/15)             Temple (1/1) D:6            Lair (0/6) D:8

Altars:
Ashenzari
Cheibriados
Dithmenos
Elyvilon
Fedhas
Gozag
Hepliaklqana
Kikubaaqudgha
Makhleb
Nemelex Xobeh
Okawaru
Qazlal
Ru
Sif Muna
Trog
Uskayaw
Vehumet
Wu Jian
Xom
Yredelemnul
Zin
The Shining One
Lugonu

Shops:
D:1 ?:!

Portals:
Abyss: D:4

Annotations:
D:3 3 runed translucent doors, mcbry74's ghost, amateur HOFi


Innate Abilities, Weirdness & Mutations

You are immune to sickness and miasma.
Your stone body is resilient. (AC +7)
You are immune to poison.
You resist negative energy. (rN+)
You are resistant to electric shocks. (rElec)
You are resistant to unholy torment.
You are immune to petrification.


Message History

Aiming: Stone Arrow (safe; 1% risk of failure)
Press: ? - help, Shift-Dir - straight line, f/p - eight-headed hydra
Aim: an eight-headed hydra (lightly wounded, 92% to hit)
The stone arrow hits the eight-headed hydra!
The eight-headed hydra is moderately wounded.
Casting: Stone Arrow (safe; 1% risk of failure)
Confirm with . or Enter, or press ? or * to list all spells.
Aiming: Stone Arrow (safe; 1% risk of failure)
Press: ? - help, Shift-Dir - straight line, f/p - eight-headed hydra
Aim: an eight-headed hydra (moderately wounded, 92% to hit)
The stone arrow hits the eight-headed hydra!!
The eight-headed hydra is heavily wounded.
Casting: Stone Arrow (safe; 1% risk of failure)
Confirm with . or Enter, or press ? or * to list all spells.
Aiming: Sandblast (safe; 1% risk of failure)
Press: ? - help, Shift-Dir - straight line, f/p - eight-headed hydra
Aim: an eight-headed hydra (heavily wounded, 94% to hit)
The blast of sand hits the eight-headed hydra!!
The eight-headed hydra is almost dead.
The eight-headed hydra bites you!
The eight-headed hydra bites you but does no damage.
The eight-headed hydra bites you! x2; The eight-headed hydra bites you.
The eight-headed hydra bites you but does no damage.
The eight-headed hydra bites you. The eight-headed hydra bites you!
* * * LOW HITPOINT WARNING * * *
Casting: Sandblast (safe; 1% risk of failure)
Confirm with . or Enter, or press ? or * to list all spells.
Aiming: Sandblast (safe; 1% risk of failure)
Press: ? - help, Shift-Dir - straight line, f/p - eight-headed hydra
Aim: an eight-headed hydra (almost dead, 94% to hit)
The blast of sand hits the eight-headed hydra!
The eight-headed hydra is almost dead.
The eight-headed hydra closely misses you.
The eight-headed hydra bites you.
* * * LOW HITPOINT WARNING * * *
The eight-headed hydra closely misses you. x2
The eight-headed hydra bites you.
* * * LOW HITPOINT WARNING * * *
The eight-headed hydra bites you!
You die...

#.#### #..#.####.##.####
#.##.## #................
#.....####....>.##.#######
#..#...........###.#
#.###...###.#.####.#
#.##.....##........#
#.#.......#........#### ##
#.#..P..†.###.#.......###.
#........@.##.#.###.......
#.........D##.#.# ####...#
#.....>†....#.#.# #####
##..........)....
#..P......#..#..
##.P..P..##..# #.......#
..# ##.....## .. ##...##
...


You could see an eight-headed hydra.

Vanquished Creatures
  A centaur warrior (D:8)
  Sigmund (D:5)
  A wyvern (D:7)
  A steam dragon (D:8)
  Eustachio (D:4)
  3 wargs (D:8)
  Menkaure (D:4)
  2 water moccasins
  2 hornet zombies
  3 orc warriors
  2 ice beasts
  A sky beast (D:7)
  A black bear (D:4)
  2 necrophages
  An ogre (D:7)
  3 centaurs
  A phantom (D:7)
  4 bullfrogs
  A kobold brigand (D:8)
  2 scorpions
  A wyvern zombie (D:7)
  4 killer bees
  3 jellies
  2 howler monkeys (D:8)
  A bullfrog zombie (D:5)
  A hound (D:7)
  4 orc priests
  A gnoll shaman (D:6)
  A bullfrog skeleton (D:5)
  An iguana (D:5)
  4 orc wizards
  A killer bee zombie (D:6)
  11 gnolls
  5 adders
  A white imp (D:7)
  An ufetubus (D:5)
  3 worms
  15 orcs
  7 ball pythons
  6 endoplasms
  7 giant cockroaches
  5 goblins
  2 hobgoblins (D:1)
  4 jackals (D:5)
  11 kobolds
  6 quokkas
  4 bats
  A frilled lizard (D:2)
  3 rats
150 creatures vanquished.

Vanquished Creatures (others)
  16 plants (D:4)
16 creatures vanquished.

Grand Total: 166 creatures vanquished

Notes
Turn   | Place    | Note
-------+----------+-------------------------------------------
     0 | D:1      | Gwenloh the Gargoyle Earth Elementalist began the quest for
                  | the Orb.
     0 | D:1      | Reached XP level 1. HP: 10/10 MP: 3/3
   102 | D:1      | Found Raplohog's Magic Scroll Emporium.
   106 | D:1      | Found Lovuotedgh's Book Emporium.
   254 | D:1      | Reached skill level 4 in Earth Magic
   271 | D:1      | Reached XP level 2. HP: 15/15 MP: 5/5
   274 | D:1      | Learned a level 2 spell: Passwall
   436 | D:1      | Found Plog's Distillery.
   776 | D:1      | Reached skill level 1 in Transmutations
   926 | D:1      | Reached XP level 3. HP: 11/19 MP: 0/6
   930 | D:1      | Learned a level 3 spell: Stone Arrow
  1090 | D:2      | Found a faded altar of an unknown god.
  1558 | D:2      | Reached skill level 1 in Armour
  2160 | D:3      | Noticed an ice beast
  2229 | D:1      | Bought a scroll of identify for 28 gold pieces
  2229 | D:1      | Bought a scroll of identify for 28 gold pieces
  2304 | D:3      | Reached XP level 4. HP: 18/24 MP: 7/7
  2421 | D:3      | Reached skill level 1 in Conjurations
  3275 | D:3      | Found a runed translucent gate.
  3276 | D:3      | Found a runed translucent gate.
  3277 | D:3      | Found a runed translucent gate.
  3291 | D:3      | Noticed mcbry74's ghost (amateur HOFi)
  3657 | D:4      | Reached XP level 5. HP: 23/28 MP: 9/9
  3863 | D:4      | Noticed Eustachio
  3873 | D:4      | Killed Eustachio
  3874 | D:4      | Reached skill level 5 in Earth Magic
  3874 | D:4      | Reached XP level 6. HP: 31/32 MP: 1/10
  3964 | D:4      | Found a large runed translucent door.
  3964 | D:4      | Found a large runed translucent door.
  3969 | D:4      | Found a corrupted altar of Lugonu.
  3995 | D:4      | Noticed a black bear
  4100 | D:4      | Killed a black bear
  4194 | D:4      | Reached XP level 7. HP: 34/36 MP: 5/12
  4287 | D:4      | Found a one-way gate to the infinite horrors of the Abyss.
  4560 | D:4      | Noticed Menkaure
  4564 | D:4      | Killed Menkaure
  4565 | D:4      | Reached skill level 6 in Earth Magic
  4570 | D:4      | Learned a level 4 spell: Petrify
  4924 | D:4      | Found an ancient bone altar of Kikubaaqudgha.
  5317 | D:5      | Entered Level 5 of the Dungeon
  5492 | D:5      | Noticed Sigmund
  5501 | D:5      | Killed Sigmund
  5772 | D:5      | Reached skill level 5 in Conjurations
  5772 | D:5      | Reached skill level 7 in Earth Magic
  5772 | D:5      | Reached XP level 8. HP: 27/41 MP: 9/13
  6490 | D:5      | Reached skill level 8 in Earth Magic
  6668 | D:6      | Found a staircase to the Ecumenical Temple.
  6680 | Temple   | Entered the Ecumenical Temple
  7270 | Temple   | Became a worshipper of Vehumet
  7823 | D:6      | Reached XP level 9. HP: 45/45 MP: 10/16
  7990 | D:7      | Reached skill level 9 in Earth Magic
  7996 | D:7      | Learned a level 5 spell: Borgnjor's Vile Clutch
  8134 | D:7      | Reached skill level 5 in Spellcasting
  8640 | D:7      | Reached skill level 10 in Earth Magic
  9010 | D:7      | Reached * piety under Vehumet
  9010 | D:7      | Offered knowledge of Foxfire by Vehumet.
  9748 | D:8      | Reached skill level 11 in Earth Magic
  9755 | D:8      | Reached skill level 1 in Fighting
 10061 | D:8      | Reached XP level 10. HP: 50/53 MP: 14/19
 10129 | D:8      | Noticed a centaur warrior
 10134 | D:8      | Killed a centaur warrior
 10135 | D:8      | Reached skill level 12 in Earth Magic
 10253 | D:8      | Noticed an eight-headed hydra
 10362 | D:8      | Found a staircase to the Lair.
 10503 | D:8      | Slain by an eight-headed hydra

Illustrated notes

Levels and vault maps discovered:
D:1:      nagdon_arrival_double_spiral, layout_basic, serial_shops,
          nicolae_shop_waterfront, shop, shop, minmay_tetromino_i4
D:2:      layout_basic, nicolae_ecumenical_oubliette
D:3:      layout_basic, ebering_ghost_rock_garden
D:4:      due_chaos_kobolds, layout_basic, kiku_gazebo_pond_becter,
          nicolae_grassy_gnolls, uniq_eustachio, uniq_menkaure
D:5:      layout_cave_pools, amcnicky_mini_rare_corridor_liquid,
          bh_walls_and_bars, uniq_sigmund
D:6:      layout_rooms, temple_green
D:7:      layout_layer_cave
D:8:      layout_loops_corners, erik_lair_orcish_takeover, special_room
          [special_room_orc], minmay_pinched_square, uniq_maggie
Temple:   mainiacjoe_temple_starburst

Skill      XL: |  1  2  3  4  5  6  7  8  9 10 |
---------------+-------------------------------+-----
Earth Magic    | 4 5 7 8 11 12 | 12.4
Transmutations | 1 |  1.7
Armour         | 1 2 3 |  3.0
Conjurations   | 1 2 3 5 6 7 |  7.3
Spellcasting   | 3 4 6 |  6.9
Fighting       | 2 3 |  3.8
Dodging        | |  1.5
Stealth        | |  2.1

Action                   |  1- 3 |  4- 6 |  7- 9 | 10-12 || total
-------------------------+-------+-------+-------+-------++-------
Melee: Unarmed           |    17 |       |       |       ||    17
       Dagger            |    86 |       |       |       ||    86
       Whip              |    24 |    51 |       |       ||    75
       Flail             |       |    31 |    40 |    17 ||    88
 Cast: Sandblast         |    38 |    26 |    63 |    30 ||   157
       Stone Arrow       |       |    11 |    67 |    12 ||    90
       Passwall          |       |     1 |       |       ||     1
       Borgnjor's Vile C |       |       |     6 |     3 ||     9
Evoke: Wand              |       |       |     2 |       ||     2
  Use: Scroll            |     2 |       |     1 |       ||     3
 Stab: Sleeping          |     4 |       |       |       ||     4
Armor: Robe              |     7 |       |    26 |    18 ||    51
       Leather armour    |    37 |    39 |    11 |       ||    87
Dodge: Dodged            |    96 |    65 |    56 |    30 ||   247

Table legend: (Time is in decaauts)
 A = Elapsed time spent in this place.
 B = Non-inter-level travel time spent in this place.
 C = Inter-level travel time spent in this place.
 D = Time resting spent in this place.
 E = Time spent auto-exploring this place.
 F = Levels seen in this place.
 G = Mean time per level.
                   A        B        C        D        E       F      G
               +--------+--------+--------+--------+--------+-----+--------+
         Total |  10545 |  10094 |    451 |   1027 |   7352 |   9 | 1171.7 |
       Dungeon |   9900 |   9545 |    355 |   1027 |   6817 |   8 | 1237.5 |
        Temple |    644 |    548 |     96 |      0 |    535 |   1 |  644.0 |
               +--------+--------+--------+--------+--------+-----+--------+

Top non-repeatable levels by time:
     D:7: 1750 daAuts
     D:4: 1687 daAuts
     D:3: 1264 daAuts
     D:2: 1238 daAuts
     D:5: 1214 daAuts
     D:1: 1150 daAuts
     D:6: 816 daAuts
     D:8: 778 daAuts
  Temple: 644 daAuts
